 Dungeon Crawl Stone Soup version 0.20.0-7-g3b7b877 (webtiles) character file.

627555 newuser the Conqueror (level 26, -42/266 HPs)
             Began as a Minotaur Fighter on May 29, 2017.
             Was the Champion of Makhleb.
             Killed from afar by Reinor's ghost (56 damage)
             ... with an iron shot
             ... on level 5 of the Vaults.
             The game lasted 04:54:28 (62622 turns).

newuser the Conqueror (Minotaur Fighter)           Turns: 62622, Time: 04:54:29

Health: -42/266    AC: 38    Str: 26    XL:     26   Next: 69%
Magic:  0/27       EV: 16    Int: 16    God:    Makhleb [******]
Gold:   4561       SH: 16    Dex: 16    Spells: 22/33 levels left

rFire    + + .     SeeInvis +   e - +1 eveningstar of Experimentation {vamp, rPois rC++ Int+2}
rCold    + + +     Gourm    .   h - +1 shield {reflect}
rNeg     . . .     Faith    .   N - +10 storm dragon scales {Bai Suzhen}
rPois    +         Spirit   +   (helmet unavailable)
rElec    +         Reflect  +   T - scarf {Spirit}
rCorr    .         Harm     .   P - +2 pair of gloves
MR       ++++.                  S - +1 pair of boots "Nuqu" {rPois rC+ Slay+2 SInv}
Stlth    ..........             j - amulet of regeneration
Regen    1.0/turn               p - ring "Olostr Inia" {*Slow rPois rF++ Int+4}
MPRegen  0.2/turn               x - ring of Past Mistakes {+Blink rPois MR+++ Str-2 Int+4}

@: heavily drained
A: retaliatory headbutt, horns 3, low mp 2, poison resistance, strong 1
}: 4/15 runes: decaying, slimy, silver, gossamer
a: Minor Destruction, Lesser Servant of Makhleb, Major Destruction, Greater
Servant of Makhleb, Renounce Religion, Evoke Blink


You were on level 5 of the Vaults.
You worshipped Makhleb.
Makhleb was exalted by your worship.
You were hungry.

You visited 11 branches of the dungeon, and saw 53 of its levels.
You visited the Abyss 1 time.
You also visited: Bailey and Ice Cave.

You collected 7657 gold pieces.
You spent 3096 gold pieces at shops.

Inventory:

Hand Weapons
 e - the +1 eveningstar of Experimentation (weapon) {vamp, rPois rC++ Int+2}
   (You acquired it in a bailey)

   It inflicts no extra harm, but heals its wielder when it wounds a living foe.
   It affects your intelligence (+2).
   It greatly protects you from cold.
   It protects you from poison.
Missiles
 R - 5 throwing nets (quivered)
Armour
 h - a +1 shield of reflection (worn)
 N - +10 storm dragon scales (worn) {Bai Suzhen}
 P - a +2 pair of gloves (worn)
 S - the +1 pair of boots "Nuqu" (worn) {rPois rC+ Slay+2 SInv}
   (You bought it in a shop on level 15 of the Dungeon)

   It affects your accuracy and damage with ranged weapons and melee attacks
   (+2).
   It protects you from cold.
   It protects you from poison.
   It lets you see invisible.
 T - a scarf of spirit shield (worn)
 X - a +2 hat
Jewellery
 g - an uncursed ring of fire
 j - an amulet of regeneration (around neck)
 o - an uncursed ring of positive energy
 p - the ring "Olostr Inia" (left hand) {*Slow rPois rF++ Int+4}
   (You found it on level 5 of the Pits of Slime)

   [ring of poison resistance]

   It affects your intelligence (+4).
   It greatly protects you from fire.
   It protects you from poison.
   It may slow you when you take damage.
 r - an uncursed ring of resist corrosion
 x - the ring of Past Mistakes (right hand) {+Blink rPois MR+++ Str-2 Int+4}
   (You found it in an ice cave)

   [ring of poison resistance]

   It affects your strength (-2).
   It affects your intelligence (+4).
   It protects you from poison.
   It affects your resistance to hostile enchantments.
   It lets you blink.
Wands
 m - a wand of clouds (1/9)
 s - a wand of digging (14/24)
 t - a wand of scattershot (1/9)
 C - a wand of confusion (25/48)
 D - a wand of paralysis (7/24)
 I - a wand of digging (11/24)
Scrolls
 a - 3 scrolls of fear
 i - a scroll of blinking
 k - 6 scrolls of summoning
 v - 2 scrolls of fog
 z - 10 scrolls of magic mapping
 A - 9 scrolls of remove curse
 B - 9 scrolls of recharging
 G - 9 scrolls of teleportation
 M - a scroll of holy word
 Q - 7 scrolls of identify
Potions
 b - 2 potions of heal wounds
 d - 3 potions of might
 l - 6 potions of invisibility
 u - 6 potions of berserk rage
 w - 7 potions of haste
 E - 11 potions of brilliance
 H - 3 potions of agility
 J - 7 potions of mutation
 K - 10 potions of flight
 L - 15 potions of curing
 V - 2 potions of resistance
 W - a potion of ambrosia
 Y - a potion of cancellation
 Z - a potion of magic
Miscellaneous
 F - a lightning rod (4/4)
 U - 5 sacks of spiders
Comestibles
 c - 7 chunks of flesh
 f - 37 bread rations
 n - 19 royal jellies
 q - 27 meat rations
 O - 4 fruits


   Skills:
 O Level 27(23.9) Fighting
 - Level 17.0(14.5) Maces & Flails
 O Level 27(23.9) Armour
 + Level 12.3(10.0) Dodging
 + Level 18.7(16.1) Shields
 - Level 4.0(2.2) Spellcasting
 - Level 6.0(4.0) Charms
 - Level 4.3(2.5) Summonings
 - Level 8.0(6.0) Necromancy
 + Level 16.7(14.3) Invocations
 - Level 6.1(4.2) Evocations


You had 22 spell levels left.
You knew the following spells:

 Your Spells              Type           Power        Failure   Level  Hunger
a - Apportation           Tloc           #.....       45%         1    #......
b - Summon Butterflies    Summ           #.......     19%         1    #......
c - Regeneration          Chrm/Necr      ###.......   19%         3    ###....
d - Passage of Golubria   Tloc           N/A          99%         4    #####..
e - Swiftness             Chrm/Air       #.......     32%         2    ###....


Dungeon Overview and Level Annotations

Branches:
Dungeon (15/15)            Temple (0/1) D:5            Lair (6/6) D:11
  Swamp (4/4) Lair:3       Spider (4/4) Lair:3        Slime (5/5) Lair:5
    Orc (2/2) D:12            Elf (3/3) Orc:2        Vaults (5/5) D:13
  Crypt (3/3) Vaults:3       Tomb (0/3) Crypt:3      Depths (5/5) D:15
    Zot (1/5) Depths:5

Altars:
Ashenzari
Cheibriados
Gozag
Hepliaklqana
Kikubaaqudgha
Makhleb
Qazlal
Ru
Uskayaw
Yredelemnul
Zin
The Shining One
Beogh
Jiyva

Shops:
D:4 [   D:15 [   Orc:2 !}=?   Elf:3 *(   Vaults:3 *

Portals:
Hell: Depths:1 Depths:2 Depths:3 Depths:4 Depths:5
Abyss: Depths:3 Depths:4
Pandemonium: Depths:2 Depths:3 Depths:5
Ziggurat: Depths:5

Annotations:
Lair:4 exclusion: oklob plant
Vaults:5 Reinor's ghost, legendary SpEE


Innate Abilities, Weirdness & Mutations

You reflexively headbutt those who attack you in melee.
You have a pair of large horns on your head.
Your magical capacity is very low. (-20% MP)
Your system is resistant to poisons. (rPois)
Your muscles are strong. (Str +2)


Message History

You closely miss Reinor's ghost.
Reinor's ghost is almost destroyed.
Reinor's ghost casts a spell.
Reinor's ghost blinks!
Reinor's ghost gestures at you while chanting.
The iron shot hits you!
* * * LOW HITPOINT WARNING * * *
Unknown command.
You completely miss Reinor's ghost. Your headbutt misses Reinor's ghost.
Reinor's ghost is almost destroyed.
You block Reinor's ghost's attack.
You bludgeon the spellforged servitor!!
Your headbutt misses the spellforged servitor.
The spellforged servitor is heavily damaged.
The spellforged servitor casts a spell past you.
The metal wall shatters!
The blast of metal fragments hits you!
* * * LOW HITPOINT WARNING * * *
Reinor's ghost points at you and mumbles some strange words.
The iron shot hits you!
You die...

,*,,*,,,,**,,#.*,#..##)##...##.#.
,*,,*,,,,*,,,#.*,#.##...##*..#.#.
,*,,*,,,,*,,,#.*,#)#..!.:###,#.#.
,*,,*,,,,*,,,#.*,#..?..}((.#,#.#.
,*,,*,,,,*,,,#.*,###)....#.#,#.#.
,*,,*,,,,*,,,#.*,,*##/..##.#,#.#.
,*,,*,,,,**,,#.##,,,##.##..#,#.#.
,*,,*,,,,**,,#.8###,...##.##,#.#.
,*,,*,,,,**,,##.@W######..#,,#.#.
,*,,*,,,,**,,,###..†.....##,##.#.
,*,,*,,,,***,,,,##########,,#..#.
Q#..#....##..,,,,,,,,,,,,,,*#....
4e..#....#..#,,************#....#
,...........**,,,,,,,,,,.......##
###...p....####*********#########
......ppp......,,,,,,,,,,,,,.....
.....ppp.p.....,,,,,,,,,,,,,..[..


You could see a spellforged servitor and Reinor's ghost.

Vanquished Creatures
  the Royal Jelly (Slime:5)
  An ancient lich (Crypt:3)
  Sojobo (Vaults:5)
  Bai Suzhen (Swamp:4)
  Margery (Depths:3)
  4 golden dragons
  Jory (Depths:2)
  2 bone dragons
  the Enchantress (Depths:3)
  2 liches
  Arachne (Spider:3)
  Jorgrun (Depths:2)
  5 tentacled monstrosities
  2 deep elf master archers (Elf:3)
  Asterion (Depths:3)
  2 deep elf blademasters (Elf:3)
  A quicksilver dragon (Zot:1)
  15 acid blobs
  An ancient champion (Crypt:1)
  A sphinx (Vaults:5)
  Frances (D:13)
  4 tengu reavers (Vaults:5)
  5 shadow dragons (Vaults:5)
  2 storm dragons
  2 revenants (Crypt:2)
  Roxanne (D:15)
  3 draconian monks
  12 azure jellies
  7 frost giants
  2 iron dragons
  5 fire giants
  13 vault wardens
  5 ghost moths (Spider:4)
  2 emperor scorpions
  10 deep elf sorcerers
  2 orc warlords (Orc:2)
  A balrug (Depths:5)
  A draconian annihilator (Zot:1)
  The ghost of Chiseanne the Nimble, a journeyman DDAK of Lugonu (D:12)
  7 deep elf elementalists (Elf:3)
  34 very ugly things
  2 draconian shifters (Zot:1)
  A ghoul (Crypt:3)
  A juggernaut zombie (Depths:1)
  4 reapers
  4 spriggan defenders (Depths:3)
  3 curse skulls
  3 entropy weavers
  Nessos (Lair:5)
  A juggernaut skeleton (Crypt:2)
  14 ironheart preservers
  A green draconian (Depths:5)
  A black draconian (Depths:5)
  14 stone giants
  2 yellow draconians (Depths:5)
  10 vampire knights
  5 deep elf demonologists
  A red draconian (Zot:1)
  2 purple draconians
  2 white draconians
  Azrael (Elf:2)
  5 spark wasps
  4 deep elf annihilators (Elf:3)
  11 ettins
  7 eidola (Crypt:3)
  11 fire dragons
  8 deep elf death magi
  2 merfolk impalers
  18 great orbs of eyes
  7 deep elf high priests
  10 jiangshi
  18 yaktaur captains
  22 ogre magi
  5 death oozes (Slime:5)
  27 vault guards
  13 rakshasas
  A hell beast (Depths:2)
  Harold (Lair:3)
  22 hydras
  15 ice dragons
  3 ghost crabs
  4 spriggan air magi
  14 centaur warriors
  Erica (Lair:2)
  2 catoblepae
  58 two-headed ogres
  6 alligators
  A small abomination (Elf:2)
  5 death knights
  9 tengu warriors
  A queen ant (Lair:6)
  7 vampire magi
  13 deep troll earth magi
  6 death yaks
  A titan zombie (Crypt:3)
  17 dancing weapons
  8 deep troll shamans
  4 orc high priests (Orc:2)
  4 hell knights (Depths:3)
  A shock serpent (shapeshifter) (Vaults:5)
  14 deep elf knights
  8 spriggan berserkers
  A sun demon (Depths:2)
  5 soul eaters
  11 shadow wraiths
  The ghost of Cruella the Thaumaturge, a novice GrAE of Vehumet (IceCv)
  Sonja (D:13)
  An iron troll (Depths:5)
  2 infernal demonspawn (Depths:2)
  11 swamp dragons
  A spriggan druid (Swamp:4)
  A salamander mystic (Depths:1)
  A sea snake (shapeshifter) (Vaults:5)
  A deep troll (shapeshifter) (Vaults:5)
  19 skeletal warriors
  2 unseen horrors
  3 golden dragon zombies
  4 glowing orange brains
  30 deep trolls
  A shadow dragon zombie (Crypt:2)
  A torturous demonspawn (Depths:5)
  3 storm dragon skeletons
  A glowing orange brain (shapeshifter) (Depths:2)
  9 flayed ghosts
  19 deep elf archers
  9 wolf spider zombies
  16 orc knights
  2 anaconda skeletons
  23 phantasmal warriors
  4 wizards
  A large abomination (Vaults:5)
  A golden dragon skeleton (Crypt:2)
  4 shambling mangroves
  A harpy (shapeshifter) (Elf:3)
  12 ironbrand convokers
  17 wolf spiders
  8 orb spiders
  17 necromancers
  8 orc sorcerers
  A shadow dragon skeleton (Crypt:1)
  6 cyclopes
  46 deep elf magi
  An iron dragon zombie (Crypt:3)
  3 shining eyes
  3 fauns (Depths:3)
  3 manticores
  A sphinx skeleton (Crypt:1)
  A shock serpent zombie (Crypt:3)
  46 ugly things
  An elephant (shapeshifter) (Vaults:2)
  9 elephants
  2 stone giant zombies (Crypt:3)
  2 salamanders (Depths:1)
  3 black mambas (Lair:6)
  A black mamba (shapeshifter) (Depths:5)
  A moth of wrath (Spider:3)
  2 ice statues (IceCv)
  A dire elephant zombie (Crypt:3)
  A rust devil (Depths:3)
  An eye of devastation (Slime:5)
  10 vault sentinels
  11 spiny frogs
  A grey draconian zombie (Crypt:1)
  3 gargoyles
  An orange demon (Depths:5)
  A torpor snail (shapeshifter) (Depths:2)
  3 torpor snails
  7 rime drakes
  A catoblepas zombie (Crypt:3)
  A kobold demonologist (Bailey)
  A black draconian zombie (Crypt:1)
  A hellion (Depths:1)
  7 demonic crawlers
  64 yaktaurs
  9 redback zombies (Spider:2)
  12 freezing wraiths
  3 komodo dragons
  An ice devil (Depths:2)
  An efreet (D:13)
  14 hellwings
  A guardian mummy (Crypt:3)
  4 tengu conjurers
  10 polar bears (Lair:6)
  A yaktaur skeleton (Vaults:1)
  A meliai (shapeshifter) (Depths:5)
  3 red devils
  17 jumping spiders
  11 trolls
  41 hornets
  A slime creature (shapeshifter) (Elf:3)
  8 bog bodies
  A raiju (Lair:6)
  9 tarantella zombies (Spider:2)
  6 tyrant leeches
  7 dream sheep (Lair:6)
  A minotaur skeleton (Crypt:2)
  A wolf spider simulacrum (D:15)
  A jumping spider (shapeshifter) (D:14)
  A sphinx simulacrum (Vaults:3)
  16 blink frogs
  9 hippogriffs
  2 ettin zombies (Crypt:3)
  74 slime creatures
  A spriggan zombie (Depths:1)
  2 stone giant simulacra
  Sigmund (D:5)
  3 flying skulls (Crypt:1)
  3 ettin skeletons
  13 shadows
  16 tarantellas
  An ice dragon skeleton (Crypt:3)
  2 spriggans (shapeshifter)
  20 spriggans
  8 air elementals
  2 tarantellas (shapeshifter) (Depths:1)
  4 wyverns
  5 water elementals
  A black mamba zombie (Crypt:3)
  An ushabti (Crypt:3)
  55 redbacks
  38 yaks
  A ynoxinul (Depths:5)
  A wind drake zombie (Crypt:1)
  15 wraiths
  2 humans (shapeshifter)
  12 golden eyes
  7 fire elementals
  A hungry ghost (D:11)
  7 basilisks
  33 vampire mosquitoes
  A neqoxec (Depths:2)
  A steam dragon (Lair:6)
  13 wargs
  14 insubstantial wisps
  5 soldier ants (Lair:6)
  A spiny frog zombie (Crypt:2)
  17 swamp worms
  5 acid dragons
  2 water moccasins (shapeshifter)
  14 water moccasins
  3 floating eyes (Depths:1)
  An infernal demonspawn zombie (Crypt:2)
  5 porcupines
  15 hell hounds
  25 ice beasts
  An ogre skeleton (Vaults:1)
  60 orc warriors
  12 swamp drakes
  An ice dragon simulacrum (Crypt:1)
  A manticore zombie (Crypt:1)
  6 sky beasts
  A swamp dragon zombie (Crypt:3)
  13 black bears
  2 phantoms
  A sky beast (shapeshifter) (Depths:4)
  An ettin simulacrum (Vaults:3)
  5 eyes of draining
  7 necrophages
  11 wolves (Lair:6)
  19 boggarts
  45 ogres
  11 crocodiles
  7 centaurs
  2 snapping turtle skeletons (Crypt:3)
  5 big kobolds
  An elf zombie (D:8)
  A komodo dragon zombie (Crypt:2)
  20 bullfrogs
  A cyclops zombie (Crypt:2)
  An elf skeleton (D:8)
  A komodo dragon skeleton (Crypt:1)
  6 earth elementals
  4 scorpions
  14 wyvern skeletons
  A swamp dragon simulacrum (Crypt:1)
  18 wights
  A raiju zombie (Crypt:1)
  A troll skeleton (Crypt:3)
  An electric eel (Spider:4)
  6 howler monkeys
  13 crimson imps
  5 centaur zombies
  2 human simulacra (Vaults:1)
  A basilisk zombie (Crypt:1)
  6 jellies
  4 quasits
  5 hounds
  35 orc priests
  4 human zombies (D:8)
  5 iron imps
  3 bullfrog skeletons
  4 centaur skeletons
  2 human skeletons
  12 iguanas
  42 orc wizards
  20 worker ants
  A hound zombie (D:4)
  2 mummies (D:8)
  12 gnolls
  16 adders
  5 shadow imps
  2 white imps (Depths:5)
  2 ufetubi (Depths:5)
  3 oozes (Lair:5)
  An adder zombie (D:8)
  An adder skeleton (D:4)
  An iguana skeleton (Crypt:1)
  3 worms
  3 dart slugs
  3 leopard geckos
  137 orcs
  A ball python (D:4)
  5 bats
  4 giant cockroaches
  12 goblins
  15 hobgoblins
  20 jackals
  24 kobolds
  6 quokkas
  5 frilled lizards
  A kobold zombie (Crypt:1)
  A quokka zombie (D:10)
  18 rats
  A crawling corpse (Elf:3)
  A fungus (Lair:1)
  2 plants
2533 creatures vanquished.

Vanquished Creatures (collateral kills)
  An ancient lich (Crypt:3)
  Frederick (Depths:3)
  Xtahua (Crypt:2)
  Nikola (Elf:2)
  2 acid blobs (Slime:5)
  A deep elf blademaster (Elf:2)
  2 thorn hunters (Swamp:4)
  An ancient champion (Crypt:1)
  A storm dragon (Depths:5)
  A tengu reaver (Vaults:5)
  4 azure jellies (Slime:5)
  2 ghost moths (Depths:2)
  A deep elf sorcerer (Vaults:2)
  2 fire giants (Depths:4)
  An emperor scorpion (Spider:4)
  An orc warlord (Orc:1)
  Aizul (Elf:2)
  A vault warden (Vaults:1)
  A draconian shifter (Depths:5)
  A deep elf elementalist (Elf:3)
  An ironheart preserver (Vaults:2)
  2 stone giants (Depths:3)
  The ghost of Zaque the Basher, a journeyman TrMo of Okawaru (Swamp:1)
  An entropy weaver (Spider:4)
  A vampire knight (Crypt:1)
  A spark wasp (Spider:4)
  An eidolon (Crypt:3)
  A mummy priest (Crypt:3)
  Snorg (Lair:6)
  A deep elf death mage (Elf:3)
  2 ettins
  3 death oozes (Slime:5)
  A fire dragon (Depths:4)
  2 yaktaur captains (Depths:5)
  5 hydras
  A hell beast (Depths:3)
  An ice dragon (IceCv)
  2 vault guards (Vaults:5)
  5 dancing weapons
  A tengu warrior (Depths:3)
  3 ogre magi
  5 two-headed ogres
  A titan zombie (Crypt:3)
  The ghost of Jerry the Cleaver, a novice HOFi of Okawaru (D:8)
  6 deep elf knights
  7 skeletal warriors (Crypt:1)
  A golden dragon zombie (Depths:3)
  2 shadow wraiths (Depths:2)
  2 deep elf archers (Elf:1)
  A swamp dragon (Swamp:4)
  A flayed ghost (Depths:2)
  2 necromancers
  A shambling mangrove (Swamp:4)
  3 phantasmal warriors
  4 orb spiders
  6 deep elf magi
  An orc knight (Bailey)
  2 shadow dragon zombies (Crypt:3)
  2 orc sorcerers
  4 wolf spiders (Spider:4)
  A cyclops (D:12)
  A dire elephant zombie (Crypt:3)
  2 spiny frogs
  A white draconian zombie (Crypt:2)
  2 freezing wraiths
  A rime drake (Lair:3)
  A red devil (Depths:3)
  2 hornets (Swamp:4)
  5 jumping spiders
  3 bog bodies (Swamp:4)
  A blink frog (Lair:1)
  3 slime creatures
  A raiju (Lair:6)
  A tyrant leech (Swamp:4)
  A fire giant simulacrum (Crypt:1)
  An ice dragon zombie (Crypt:3)
  A black mamba zombie (Crypt:3)
  A shadow (Depths:2)
  An ice dragon skeleton (Crypt:1)
  2 spriggans (Depths:3)
  5 tarantellas (Spider:4)
  11 redbacks (Spider:4)
  A wraith (Crypt:3)
  An ushabti (Crypt:3)
  2 golden eyes (Slime:5)
  A wind drake skeleton (Crypt:2)
  2 swamp worms (Swamp:4)
  A floating eye (Depths:4)
  A hell hound (Lair:6)
  A water moccasin (Lair:3)
  3 swamp drakes
  2 snapping turtle zombies (Crypt:3)
  11 orc warriors
  A black bear (Lair:6)
  An ice beast (D:12)
  2 boggarts (Vaults:2)
  4 ogres
  2 wolves (Lair:6)
  A snapping turtle skeleton (Crypt:3)
  2 bullfrogs
  2 wyvern skeletons (Crypt:3)
  3 electric eels (Bailey)
  An orc priest (Orc:1)
  2 orc wizards
  16 orcs
  A giant cockroach (D:8)
  3 hobgoblins (Bailey)
  5 briar patches (Swamp:4)
  A plant (Lair:2)
  A withered plant (Crypt:3)
238 creatures vanquished.

Vanquished Creatures (others)
  A deep elf mage (Elf:2)
  A deep elf archer (Vaults:5)
  A komodo dragon (Swamp:1)
  A hornet (shapeshifter) (Depths:5)
  A swamp worm (Swamp:2)
  An orc warrior (Vaults:3)
  A sky beast (D:6)
  A boggart (Depths:3)
  A fire vortex (Lair:1)
  6 fungi
  29 plants
  6 withered plants (Crypt:3)
50 creatures vanquished.

Grand Total: 2821 creatures vanquished

Notes
Turn   | Place    | Note
-------+----------+-------------------------------------------
     0 | D:1      | newuser the Minotaur Fighter began the quest for the Orb.
     0 | D:1      | Reached XP level 1. HP: 19/19 MP: 0/0
   129 | D:1      | You fall through a shaft!
   130 | D:2      | oh come on
   359 | D:1      | Reached XP level 2. HP: 26/26 MP: 1/1
   572 | D:1      | Reached XP level 3. HP: 31/31 MP: 2/2
   943 | D:2      | Found an ancient bone altar of Kikubaaqudgha.
   943 | D:2      | Found a snail-covered altar of Cheibriados.
   944 | D:2      | Found a glowing golden altar of the Shining One.
   968 | D:2      | Found a burning altar of Makhleb.
  1078 | D:2      | Reached skill level 5 in Maces & Flails
  1273 | D:2      | if i dont find oka on the next floor, im going with makhleb
  1289 | D:2      | Reached XP level 4. HP: 39/39 MP: 3/3
  1972 | D:3      | Found a sacrificial altar of Ru.
  2008 | D:3      | HP: 3/39 [orc priest (5)]
  2011 | D:3      | Reached XP level 5. HP: 3/45 MP: 4/4
  3008 | D:2      | Became a worshipper of Makhleb the Destroyer
  3125 | D:4      | Reached XP level 6. HP: 36/52 MP: 5/5
  3142 | D:4      | Found Gigh's Armour Boutique.
  3615 | D:4      | Reached * piety under Makhleb
  3880 | D:5      | Entered Level 5 of the Dungeon
  3926 | D:5      | Reached XP level 7. HP: 60/60 MP: 6/6
  3958 | D:5      | Reached skill level 5 in Shields
  4180 | D:5      | Noticed Sigmund
  4187 | D:5      | Killed Sigmund
  4254 | D:5      | Reached XP level 8. HP: 65/67 MP: 7/7
  4405 | D:5      | Found a staircase to the Ecumenical Temple.
  4412 | D:5      | Got a slimy leather armour
  4439 | D:5      | Found an opulent altar of Gozag.
  4760 | D:6      | Reached skill level 10 in Maces & Flails
  4985 | D:6      | Reached ** piety under Makhleb
  5014 | D:6      | Reached skill level 5 in Armour
  5056 | D:6      | Reached skill level 5 in Fighting
  5196 | D:6      | Reached XP level 9. HP: 67/74 MP: 8/8
  5795 | D:7      | Reached *** piety under Makhleb
  5805 | D:7      | Reached skill level 1 in Invocations
  5989 | D:7      | Found a flagged portal.
  6000 | Bailey   | Entered a bailey
  6048 | Bailey   | Found an iron altar of Okawaru.
  6048 | Bailey   | Noticed an orc sorcerer
  6048 | Bailey   | Noticed a kobold demonologist
  6049 | Bailey   | wtf
  6054 | Bailey   | Noticed a soul eater
  6057 | Bailey   | Noticed a soul eater
  6057 | Bailey   | Killed a kobold demonologist
  6057 | Bailey   | Reached skill level 5 in Invocations
  6065 | Bailey   | Killed an orc sorcerer
  6103 | Bailey   | if this is how this starts, i wonder what's at the end, tiamat?
  6115 | Bailey   | Noticed an orc knight
  6141 | Bailey   | HP: 6/75 [orc knight/war axe (11)]
  6144 | Bailey   | Killed an orc knight
  6144 | Bailey   | Reached XP level 10. HP: 33/86 MP: 13/13
  6386 | Bailey   | Noticed an orc knight
  6401 | Bailey   | Killed an orc knight
  6790 | Bailey   | zot trap, mfckers
  7131 | Bailey   | Got a twisted eveningstar
  7149 | Bailey   | Identified the +1 eveningstar of Experimentation {vamp, rPois rC++ Int+2} (You acquired it in a bailey)
  7162 | Bailey   | Noticed an orc knight
  7171 | Bailey   | Killed an orc knight
  7376 | Bailey   | Got a warped arbalest
  7445 | Bailey   | Identified the +1 leather armour of the Tuna {-Tele rC+ Str+5} (You found it on level 5 of the Dungeon)
  7582 | D:7      | Found a hazy altar of Hepliaklqana.
  8019 | D:8      | Noticed a dagger
  8020 | D:8      | Noticed a dagger
  8021 | D:8      | Found a hide-covered altar of Uskayaw.
  8080 | D:8      | Noticed Jerry's ghost (novice HOFi)
  8100 | D:8      | Killed Jerry's ghost
  8390 | D:8      | Found a basalt altar of Yredelemnul.
  8661 | D:9      | Reached XP level 11. HP: 99/99 MP: 15/15
  8665 | D:9      | Reached **** piety under Makhleb
  8750 | D:9      | Found a glowing silver altar of Zin.
  9450 | D:10     | Entered Level 10 of the Dungeon
  9450 | D:10     | Noticed a two-headed ogre
  9460 | D:9      | Killed a two-headed ogre
  9460 | D:9      | Reached skill level 10 in Fighting
  9862 | D:10     | Noticed a frost giant
 10079 | D:10     | Found a hide-covered altar of Uskayaw.
 10608 | D:10     | hah nice touch with the naming
 10608 | D:10     | Got the battleaxe of newuser's Bloody Death {freeze}
 10651 | D:10     | Killed a frost giant
 11029 | D:11     | Found a staircase to the Lair.
 11140 | D:11     | Reached ***** piety under Makhleb
 11163 | D:11     | Noticed a two-headed ogre
 11170 | D:11     | Killed a two-headed ogre
 11571 | D:11     | Reached XP level 12. HP: 110/110 MP: 16/16
 11628 | D:12     | Found an opulent altar of Gozag.
 11628 | D:12     | Noticed Chiseanne's ghost (journeyman DDAK)
 11670 | Lair:1   | Entered Level 1 of the Lair of Beasts
 11705 | Lair:1   | Reached skill level 15 in Maces & Flails
 11710 | Lair:1   | Reached skill level 10 in Armour
 11962 | Lair:1   | Noticed a six-headed hydra
 11969 | Lair:1   | Killed a six-headed hydra
 12024 | Lair:1   | Noticed a four-headed hydra
 12032 | Lair:1   | Killed a four-headed hydra
 12980 | Lair:2   | Noticed Erica
 12997 | Lair:2   | Killed Erica
 13306 | Lair:3   | Noticed Harold
 13327 | Lair:3   | Found a stormy altar of Qazlal.
 13359 | Lair:3   | Noticed an eight-headed hydra
 13372 | Lair:3   | Killed an eight-headed hydra
 13414 | Lair:3   | Found a staircase to the Swamp.
 13467 | Lair:3   | Noticed an eight-headed hydra
 13818 | Lair:3   | Killed an eight-headed hydra
 13854 | Lair:3   | Killed Harold
 14015 | Lair:3   | Found a hole to the Spider Nest.
 14085 | Lair:3   | Got a polished mace
 14188 | Lair:4   | Noticed Snorg
 14274 | Lair:4   | Noticed a six-headed hydra
 14281 | Lair:4   | Noticed a death yak
 14288 | Lair:4   | Noticed a death yak
 14289 | Lair:4   | Killed a six-headed hydra
 14300 | Lair:3   | Killed a death yak
 14349 | Lair:4   | Noticed a death yak
 14351 | Lair:4   | Noticed a death yak
 14352 | Lair:4   | Noticed a death yak
 14359 | Lair:3   | Killed a death yak
 14359 | Lair:3   | Reached XP level 13. HP: 111/119 MP: 17/17
 14630 | Lair:4   | newuser: ??vampiric
 14630 | Lair:4   | beem: vampiric[1/1]: On 60% of non-zero damage hits to natural holiness, not-summoned (includes trj spawns/god wrath/etc) targets without rN, heal 1d(damage) HP. Good gods hate it. You must be full to wield a vampiric weapon unless you are undead, and doing so will reduce your satiation.
 14753 | Lair:4   | Identified the +6 mace of the Whale {pain, +Rage Dex+3} (You found it on level 3 of the Lair of Beasts)
 15021 | Lair:5   | Noticed Nessos
 15280 | Lair:5   | Got a heavily runed bronze amulet
 15370 | Lair:5   | nessos homie where you at
 15470 | Lair:5   | Identified the amulet of Wamuoloss {Faith Int+3} (You found it on level 5 of the Lair of Beasts)
 15476 | Lair:6   | Entered Level 6 of the Lair of Beasts
 16001 | Lair:6   | Reached skill level 10 in Shields
 16189 | Lair:6   | Killed Snorg
 16371 | Lair:6   | Reached XP level 14. HP: 133/133 MP: 18/18
 16749 | Lair:6   | Reached skill level 15 in Fighting
 16750 | Lair:6   | Reached skill level 1 in Dodging
 16803 | Lair:6   | Noticed an entropy weaver
 16803 | Lair:6   | Noticed an entropy weaver
 16810 | Lair:6   | Killed an entropy weaver
 16819 | Lair:6   | Reached ****** piety under Makhleb
 17659 | Lair:6   | Killed an entropy weaver
 18534 | D:12     | Killed Chiseanne's ghost
 18870 | D:12     | Found a staircase to the Orcish Mines.
 19137 | D:12     | Found an opulent altar of Gozag.
 19212 | D:12     | Found a staircase to the Orcish Mines.
 19488 | D:13     | Noticed Sonja
 19525 | D:13     | Killed Sonja
 19669 | D:13     | Found a gate to the Vaults.
 20042 | D:13     | Paralysed by a great orb of eyes for 4 turns
 20057 | D:13     | Reached XP level 15. HP: 146/146 MP: 13/21
 20195 | D:13     | Noticed Frances
 20217 | D:13     | Killed Frances
 20415 | D:13     | Found a stormy altar of Qazlal.
 20614 | D:14     | Reached skill level 10 in Invocations
 20760 | D:14     | Reached skill level 15 in Armour
 20843 | D:14     | Learned a level 1 spell: Apportation
 20845 | D:14     | Learned a level 1 spell: Summon Butterflies
 20962 | D:14     | Found a shattered altar of Ashenzari.
 21372 | D:15     | Entered Level 15 of the Dungeon
 21527 | D:15     | Found a frozen archway.
 21564 | IceCv    | Entered an ice cave
 21623 | IceCv    | it's the room with 4 statues
 21623 | IceCv    | because crawl loves its players
 21702 | IceCv    | Noticed Cruella's ghost (novice GrAE)
 21712 | IceCv    | Killed Cruella's ghost
 21737 | IceCv    | Got a twitching lapis lazuli ring
 21989 | IceCv    | Identified the ring of Past Mistakes {+Blink rPois MR+++ Str-2 Int+4} (You found it in an ice cave)
 22110 | D:15     | newuser: ??regeneration
 22110 | D:15     | beem: regeneration[1/8]: Increases the rate at which you regain HP per turn. Regeneration doesn't work when you're {sick}; instead it makes Sickness disappear faster.
 22110 | D:15     | newuser: ??regeneration[2]
 22110 | D:15     | beem: regeneration[2/8]: The base regeneration rate is your maximum hitpoints / 3. If this number is over 20, then divide the result by two and add ten. For example, 100 max health results in a regen rate of 26. RR accumulates every turn and for every 100 RR you gain, you regenerate 1 hp. For 1 hp per turn, 540 health is needed. For 1 hp per 2 turns, 240.
 22110 | D:15     | newuser: ??regeneration[3]
 22110 | D:15     | beem: regeneration[3/8]: An amulet or troll leather armour adds 40 to your rr, player mutation 20 per level, and the status effect (spell) 100. What this means is that an amulet of regen or troll leather armour effectively doubles your healing rate (or better) for most characters.
 22298 | D:15     | Found Cahawex's Antique Armour Shop.
 22587 | D:15     | Noticed Roxanne
 22588 | D:15     | might as well
 22615 | D:15     | Killed Roxanne
 22960 | Swamp:1  | Entered Level 1 of the Swamp
 23048 | Swamp:1  | newuser: ??harm
 23048 | Swamp:1  | beem: amulet of harm[1/5]: Increases damage done by the wearer by 30% and to the wearer by 20%. Applied after AC. It applies to damage from melee, ranged, spells, abilities, evocations, clouds, falling down stairs, etc. Drains you on removal.
 23104 | Swamp:1  | Noticed Zaque's ghost (journeyman TrMo)
 23119 | Swamp:1  | Killed Zaque's ghost
 23925 | D:15     | Bought a pair of bloodstained boots for 313 gold pieces
 23935 | D:15     | Identified the +1 pair of boots "Nuqu" {rPois rC+ Slay+2 SInv} (You bought it in a shop on level 15 of the Dungeon)
 23936 | D:15     | Bought a runed scarf for 264 gold pieces
 23970 | D:15     | Bought a glowing hat for 231 gold pieces
 23978 | D:15     | Bought a scorched plate armour for 924 gold pieces
 23978 | D:15     | Identified the cursed +0 plate armour of the Guilds {rElec Slay+2} (You bought it in a shop on level 15 of the Dungeon)
 24535 | Swamp:2  | Reached XP level 16. HP: 159/159 MP: 20/23
 25007 | Swamp:3  | Paralysed by a hornet for 3 turns
 25661 | Swamp:4  | Entered Level 4 of the Swamp
 25715 | Swamp:4  | Paralysed by a hornet for 2 turns
 25856 | Swamp:4  | Noticed Bai Suzhen
 25879 | Swamp:4  | Killed Bai Suzhen
 26157 | Swamp:4  | Noticed a thorn hunter
 26158 | Swamp:4  | on snap it's swamp:4 already
 26158 | Swamp:4  | oh snap* even
 26167 | Swamp:4  | Killed a thorn hunter
 26236 | Swamp:4  | Got a decaying rune of Zot
 26307 | Swamp:4  | Noticed a thorn hunter
 26316 | Swamp:4  | Killed a thorn hunter
 26832 | Orc:1    | Entered Level 1 of the Orcish Mines
 27094 | Orc:2    | Entered Level 2 of the Orcish Mines
 27749 | Orc:2    | Found a roughly hewn altar of Beogh.
 27787 | Orc:2    | Reached XP level 17. HP: 170/170 MP: 25/25
 27842 | Orc:2    | Found Lulorox's Magic Scroll Boutique.
 27864 | Orc:2    | Bought a scroll of identify for 26 gold pieces
 27864 | Orc:2    | Bought a scroll of identify for 26 gold pieces
 27870 | Orc:2    | Found Zeshrycs's Jewellery Shop.
 28107 | Orc:2    | Found a roughly hewn altar of Beogh.
 28169 | Orc:2    | Found Sipaiv's Gadget Boutique.
 28303 | Orc:2    | Found Ateust's Distillery.
 28341 | Orc:2    | Bought a potion of heal wounds for 60 gold pieces
 28553 | Orc:2    | Found a staircase to the Elven Halls.
 28565 | Elf:1    | Entered Level 1 of the Elven Halls
 29339 | Elf:1    | You fall through a shaft!
 29341 | Elf:2    | Noticed Nikola
 29570 | Elf:2    | Reached XP level 18. HP: 182/182 MP: 25/27
 29695 | Elf:2    | Found a runed gate.
 29695 | Elf:2    | Found a runed gate.
 29696 | Elf:2    | Found a runed gate.
 29715 | Elf:2    | Noticed Azrael
 29746 | Elf:2    | Killed Azrael
 30600 | Spider:1 | Entered Level 1 of the Spider Nest
 33051 | Spider:2 | Reached XP level 19. HP: 193/193 MP: 26/28
 33650 | Spider:3 | Noticed Arachne
 33663 | Spider:3 | Killed Arachne
 34444 | Spider:4 | Entered Level 4 of the Spider Nest
 34823 | Spider:4 | Got a steaming cloak
 34824 | Spider:4 | Identified the +0 cloak "Zepaz" {Slay+3} (You found it on level 4 of the Spider Nest)
 35387 | Spider:4 | here's hoping it's not the death scarab vault
 35447 | Spider:4 | Got a gossamer rune of Zot
 35577 | Spider:3 | i still need to find nessos
 36007 | Lair:5   | Found a runed door.
 36013 | Lair:5   | Found a viscous altar of Jiyva.
 36013 | Lair:5   | Found a staircase to the Slime Pits.
 36201 | Lair:5   | Killed Nessos
 36385 | Vaults:1 | Entered Level 1 of the Vaults
 36525 | Vaults:1 | bad plays
 37875 | Vaults:1 | Identified the cursed +2 battleaxe "Idilegak" {speed, rC+ SInv} (You found it on level 1 of the Vaults)
 38092 | Vaults:2 | Reached XP level 20. HP: 206/206 MP: 26/29
 38624 | Vaults:2 | Identified the +2 leather armour "Oskuvitt" {+Fly SInv} (You took it off an ironheart preserver on level 2 of the Vaults)
 40289 | Vaults:3 | Found Deemekh's Assorted Antiques.
 40310 | Vaults:3 | Noticed a bone dragon
 40333 | Vaults:3 | Killed a bone dragon
 40334 | Vaults:3 | Found a staircase to the Crypt.
 40681 | Crypt:1  | Entered Level 1 of the Crypt
 40741 | Crypt:1  | jesus
 41212 | Crypt:1  | You fall through a shaft!
 41267 | Crypt:2  | Reached skill level 15 in Shields
 41397 | Crypt:2  | Reached XP level 21. HP: 171/214 MP: 17/30
 41926 | Crypt:2  | Identified the +7 plate armour "Birgh" {rPois rC+ MP+9} (You found it on level 2 of the Crypt)
 42237 | Crypt:2  | Noticed Xtahua
 42247 | Crypt:2  | Killed Xtahua
 42292 | Crypt:3  | Entered Level 3 of the Crypt
 44816 | D:15     | Found a staircase to the Depths.
 44830 | Depths:1 | Entered Level 1 of the Depths
 44997 | Depths:1 | newuser: ??maces
 44997 | Depths:1 | beem: maces & flails[1/2]: club (+3/5/1.3/0.6), whip (+2/6/1.1/0.5), hammer (+3/7/1.3/0.6), mace (+3/8/1.4/0.7), flail (+0/10/1.4/0.7), demon whip (+1/11/1.1/0.5), sacred scourge (+0/12/1.1/0.5), morningstar (-2/13/1.5/0.7), eveningstar (-1/15/1.5/0.7), dire flail (-3/13/1.3/0.6) [2], great mace (-4/17/1.7/0.7) [2], giant club (-6/20/1.7/0.7) [2], giant spiked club (-7/22/1.8/0.7) [2]
 45087 | Depths:1 | Reached XP level 22. HP: 225/226 MP: 22/31
 45714 | Depths:1 | Found a gateway to Hell.
 45898 | Depths:1 | Paralysed by a floating eye for 4 turns
 45906 | Depths:1 | Paralysed by a floating eye for 2 turns
 45917 | Depths:1 | Paralysed by a floating eye for 3 turns
 45931 | Depths:1 | Paralysed by a floating eye for 4 turns
 45947 | Depths:1 | Paralysed by a floating eye for 4 turns
 45957 | Depths:1 | Paralysed by a floating eye for 4 turns
 46928 | Depths:2 | Noticed Jorgrun
 47063 | Depths:2 | Found a one-way gate leading to the halls of Pandemonium.
 47369 | Depths:2 | Noticed Jory
 47397 | Depths:2 | Killed Jory
 47773 | Depths:2 | Killed Jorgrun
 47773 | Depths:2 | Reached XP level 23. HP: 235/238 MP: 32/32
 48041 | Depths:3 | Noticed Frederick
 48049 | Depths:3 | Killed Frederick
 48316 | Depths:3 | Noticed Margery
 48358 | Depths:3 | Killed Margery
 48358 | Depths:3 | Reached skill level 27 in Fighting
 48645 | Depths:3 | Found a one-way gate to the infinite horrors of the Abyss.
 49358 | Depths:3 | Identified the cursed +0 pair of boots of the Ward {MR- Str+2 Slay+2} (You found it on level 3 of the Depths)
 49433 | Depths:3 | Noticed the Enchantress
 49439 | Depths:3 | Noticed Asterion
 49449 | Depths:3 | should i go or should i stay
 49449 | Depths:3 | im staying
 49518 | Depths:3 | Killed the Enchantress
 49536 | Depths:3 | Killed Asterion
 49560 | Depths:3 | Identified the +2 faerie dragon scales {+Fly rCorr} (You took it off the Enchantress on level 3 of the Depths)
 49761 | Depths:3 | Got a crude scale mail
 49772 | Depths:3 | Identified the cursed +0 scale mail "Bidoips" {Dex+5} (You found it on level 3 of the Depths)
 50890 | Depths:4 | Reached skill level 27 in Armour
 51005 | Depths:4 | Paralysed by a floating eye for 2 turns
 51066 | Depths:5 | Entered Level 5 of the Depths
 51143 | Depths:5 | Reached skill level 15 in Invocations
 51180 | Depths:5 | Reached XP level 24. HP: 249/249 MP: 33/33
 51268 | Depths:5 | Reached skill level 5 in Dodging
 51915 | Depths:5 | Found a gateway to a ziggurat.
 52411 | Depths:5 | Found a gate to the Realm of Zot.
 53030 | Lair:5   | Found a viscous altar of Jiyva.
 53033 | Lair:5   | Found a staircase to the Slime Pits.
 53158 | Lair:5   | Reached skill level 1 in Evocations
 53233 | Slime:1  | Entered Level 1 of the Pits of Slime
 53502 | Slime:5  | Entered Level 5 of the Pits of Slime
 53612 | Slime:4  | Reached skill level 5 in Evocations
 53976 | Slime:1  | Reached skill level 1 in Spellcasting
 54249 | Vaults:3 | Bought a potion of curing for 120 gold pieces
 54249 | Vaults:3 | Bought a potion of might for 160 gold pieces
 54811 | Crypt:3  | Found a staircase to the Tomb.
 55158 | Crypt:3  | Noticed an ancient lich
 55160 | Crypt:3  | Noticed an ancient lich
 55167 | Crypt:3  | Killed an ancient lich
 55167 | Crypt:3  | Reached XP level 25. HP: 241/256 MP: 32/34
 55176 | Crypt:3  | Killed an ancient lich
 55394 | Crypt:3  | Found an ancient bone altar of Kikubaaqudgha.
 55837 | Crypt:3  | Reached skill level 10 in Dodging
 56476 | D:15     | Learned a level 3 spell: Regeneration
 56687 | Orc:2    | Bought 2 potions of curing for 72 gold pieces
 56687 | Orc:2    | Bought a potion of mutation for 96 gold pieces
 56687 | Orc:2    | Bought a potion of heal wounds for 60 gold pieces
 56687 | Orc:2    | Bought a potion of magic for 96 gold pieces
 56853 | Elf:2    | Reached skill level 1 in Necromancy
 56897 | Elf:2    | Cast into level 4 of the Abyss (quick blade of distortion)
 56912 | Elf:2    | Escaped the Abyss
 56924 | Elf:2    | Noticed Aizul
 56940 | Elf:2    | Killed Nikola
 56943 | Elf:2    | Killed Aizul
 57297 | Elf:3    | Entered Level 3 of the Elven Halls
 57524 | Elf:3    | Reached skill level 5 in Necromancy
 57791 | Elf:3    | Reached skill level 1 in Charms
 57811 | Elf:2    | Identified the +2 plate armour of the Untouchables {*Contam Int+6} (You took it off a deep elf high priest on level 2 of the Elven Halls)
 57813 | Elf:2    | the untouchables, you say
 57991 | Elf:3    | Got a fine lead ring
 57995 | Elf:3    | Identified the ring "Xeom" {rF- MR++ Dex+5 Stlth-} (You took it off a deep elf master archer on level 3 of the Elven Halls)
 57999 | Elf:3    | Got an ichor-stained scale mail
 58014 | Elf:2    | Identified the cursed +0 scale mail of the Hidden Lies {rElec Int+3 SInv Stlth-} (You took it off a deep elf master archer on level 3 of the Elven Halls)
 58101 | Elf:3    | Gained mutation: Your muscles are strong. (Str +2) [a neqoxec]
 58225 | Elf:3    | Got a pair of scorched boots
 58236 | Elf:3    | Identified the +0 pair of boots of Yesterday {rElec Str-3 Int+2 Dex+5} (You found it on level 3 of the Elven Halls)
 58248 | Elf:3    | Identified the Volume of Bewitchment
 58307 | Elf:3    | newuser: ??prune
 58307 | Elf:3    | beem: glaive of prune[1/4]: +12 vorpal purple glaive. Unfortunately will *not* turn you into a prune, even if you are a scummy.
 58409 | Elf:3    | Got a brightly glowing ivory ring
 58410 | Elf:3    | Identified the ring "Yzete" {*Tele Dex+5} (You took it off a deep elf death mage on level 3 of the Elven Halls)
 58530 | Elf:3    | Found Ajeaz's Weapon Boutique.
 58638 | Elf:3    | Found Wolil's General Store.
 58643 | Elf:3    | Bought a scroll of identify for 24 gold pieces
 58643 | Elf:3    | Bought a scroll of acquirement for 624 gold pieces
 59371 | Slime:5  | Gained mutation: Your system is resistant to poisons. (rPois) [a shining eye]
 59405 | Slime:5  | Gained mutation: Armour fits poorly on your strangely shaped body. [a shining eye]
 59446 | Slime:5  | Found a viscous altar of Jiyva.
 59493 | Slime:5  | Reached skill level 5 in Charms
 59591 | Slime:5  | Noticed the Royal Jelly
 59652 | Slime:5  | Killed the Royal Jelly
 59714 | Slime:5  | Identified the Grimoire of Envenoming and Sinister Rituals
 59744 | Slime:5  | Got a faintly humming hat
 59755 | Slime:5  | Identified the +0 hat of Exclusion {+Fly rPois rN+} (You found it on level 5 of the Pits of Slime)
 59776 | Slime:5  | Learned a level 4 spell: Passage of Golubria
 59779 | Slime:5  | Learned a level 2 spell: Swiftness
 59781 | Slime:5  | Identified the Papyrus of Destructive Aid
 59797 | Slime:5  | Got an ancient silver ring
 59799 | Slime:5  | Identified the ring "Olostr Inia" {*Slow rPois rF++ Int+4} (You found it on level 5 of the Pits of Slime)
 59927 | Slime:5  | newuser: ??devastator
 59927 | Slime:5  | beem: devastator[1/5]: (maces & flails; +3 acc / 8 dam / 1.3 base delay / 0.6 min delay). The shillelagh "Devastator". It's a +6 shillelagh that casts radius 1 shatter when you hit something with it, centered on the thing you hit. Won't hit you or break walls. Spellpower scales with melee damage dealt. Not as noisy as the actual shatter spell (15, same as fireball, instead of 30).
 59927 | Slime:5  | newuser: ??shatter
 59927 | Slime:5  | beem: shatter[1/5]: Level 9 earth spell. Extremely powerful attack which does damage comparable to LCS to all non-flying non-amorphous monsters in LOS radius. Doesn't damage stuff on the other side of walls, but conveniently destroys nearby walls (and potions in 0.13 and earlier) anyway. Prior to 0.15, had a range of (3 + Earth/5).
 59927 | Slime:5  | newuser: @?orb of fire
 59927 | Slime:5  | beem: orb of fire (*)
                  | Spd:
    15 | HD: 30   | HP: 120-172
                  | AC/EV: 20/20
                  | non-living, see invisible, fly, unbreathing
                  | Res: magic(immune), fire+++, cold, elec+++, poison+++, rot+++, neg+++, torm, napalm
                  | Vul: silver
                  | XP: 8544
                  | Sp: b.fire (3d40) [!sil], fireball (3d43) [!sil], malmutate [!sil]
                  | Sz: little
                  | Int: human.
 59969 | Slime:5  | Got a slimy rune of Zot
 60260 | Lair:5   | Lost mutation: Your muscles are strong. (Str +2) [potion of mutation]
 60260 | Lair:5   | Gained mutation: You are frail. (-10% HP) [potion of mutation]
 60260 | Lair:5   | Gained mutation: You evolve. [potion of mutation]
 60261 | Lair:5   | Lost mutation: You evolve. [potion of mutation]
 60261 | Lair:5   | Lost mutation: You are frail. (-10% HP) [potion of mutation]
 60261 | Lair:5   | Lost mutation: Armour fits poorly on your strangely shaped body. [potion of mutation]
 60261 | Lair:5   | Gained mutation: Your magical capacity is low. (-10% MP) [potion of mutation]
 60261 | Lair:5   | Gained mutation: Your magical capacity is very low. (-20% MP) [potion of mutation]
 60261 | Lair:5   | Gained mutation: Your muscles are strong. (Str +2) [potion of mutation]
 60261 | Lair:5   | Gained mutation: You have a pair of large horns on your head. [potion of mutation]
 60913 | Zot:1    | Entered Level 1 of the Realm of Zot
 60964 | Zot:1    | Reached XP level 26. HP: 225/264 MP: 18/27
 61009 | Zot:1    | Reached skill level 1 in Summonings
 61699 | Vaults:5 | Entered Level 5 of the Vaults
 61748 | Vaults:5 | Noticed Sojobo
 61759 | Vaults:5 | Noticed Reinor's ghost (legendary SpEE)
 61938 | Vaults:5 | Killed Sojobo
 62546 | Vaults:5 | Got a silver rune of Zot
 62622 | Vaults:5 | HP: 14/266 [spellforged servitor/blast of metal fragments[Reinor's ghost] (40)]
 62622 | Vaults:5 | Killed from afar by Reinor's ghost

Skill      XL: |  1  2  3  4  5  6  7  8  9 10 11 12 13 14 15 16 17 18 19 20 21 22 23 24 25 26 |
---------------+-------------------------------------------------------------------------------+-----
Maces & Flails | 3 4 5 6 7 8 9 11 13 14 16 17 | 17.0
Fighting       | 4 5 7 9 11 12 14 16 18 19 21 22 24 25 26 27 | 27.0
Shields        | 4 6 7 8 10 11 15 16 17 18 | 18.7
Armour         | 5 6 7 9 11 14 16 17 18 19 21 23 24 27 | 27.0
Invocations    | 6 7 9 11 12 13 14 15 16 | 16.7
Dodging        | 4 9 10 12 | 12.3
Evocations     | 6 |  6.1
Spellcasting   | 2 4 |  4.0
Necromancy     | 7 8 |  8.0
Charms         | 6 |  6.0
Summonings     | 4 |  4.3

Action                   |  1- 3 |  4- 6 |  7- 9 | 10-12 | 13-15 | 16-18 | 19-21 | 22-24 | 25-27 || total
-------------------------+-------+-------+-------+-------+-------+-------+-------+-------+-------++-------
Melee: Flail             |    92 |    72 |       |       |       |       |       |       |       ||   164
       Headbutt          |    13 |    27 |    53 |   147 |   425 |   383 |   737 |   898 |   444 ||  3127
       Morningstar       |       |   127 |   290 |    37 |       |       |       |       |       ||   454
       Eveningstar       |       |       |       |   636 |  1700 |  1498 |  2396 |  2797 |  1349 || 10376
       Shillelagh        |       |       |       |       |       |       |       |       |     5 ||     5
Throw: Tomahawk          |       |    10 |    20 |     6 |     2 |       |       |       |       ||    38
       Throwing net      |       |       |       |       |       |       |     1 |       |       ||     1
 Cast: Regeneration      |       |       |       |       |       |       |       |       |     2 ||     2
Invok: Lesser Servant of |       |       |     2 |    16 |    14 |     3 |       |       |     4 ||    39
       Minor Destruction |       |       |       |       |     5 |       |       |       |       ||     5
       Greater Servant o |       |       |       |       |     1 |     9 |    19 |    17 |    13 ||    59
 Abil: Evoke Blink       |       |       |       |       |       |       |       |       |     8 ||     8
Evoke: Wand              |       |       |       |     8 |       |     1 |     2 |     5 |       ||    16
  Use: Scroll            |       |     9 |     4 |    13 |    18 |     8 |    15 |     8 |    21 ||    96
       Potion            |       |     1 |     8 |     2 |     3 |     3 |     9 |     4 |     8 ||    38
 Stab: Invisible         |       |       |     3 |       |       |       |       |       |       ||     3
       Distracted        |       |       |       |     3 |     3 |     4 |     5 |    11 |     6 ||    32
       Confused          |       |       |       |       |     1 |       |       |       |       ||     1
  Eat: Chunk             |     1 |     9 |     7 |    28 |    34 |    25 |    29 |    28 |    16 ||   177
       Fruit             |       |       |       |     7 |       |     5 |     5 |     5 |     1 ||    23
       Royal jelly       |       |       |       |       |       |       |     5 |     2 |     9 ||    16
Armor: Scale mail        |    38 |    68 |       |       |       |       |       |       |       ||   106
       Chain mail        |       |    15 |   103 |       |       |       |       |       |       ||   118
       Plate armour      |       |       |       |   264 |   819 |   299 |       |       |       ||  1382
       Storm dragon scal |       |       |       |       |       |   464 |  1108 |  1336 |   728 ||  3636
Dodge: Dodged            |    20 |    40 |    32 |    81 |   353 |   423 |   656 |   974 |   576 ||  3155
Block: Shield            |    48 |    97 |   130 |   240 |   856 |   824 |  1275 |  1838 |   747 ||  6055
       Reflection        |       |       |       |       |       |       |       |       |    11 ||    11
